 Dungeon Crawl Stone Soup version 0.27-a0-328-g7f782ed93a (webtiles) character file.

Game seed: 1896293182117285827

14571 DavidChitty2 the Cleaver (level 12, -3/106 HPs)
             Began as a Hill Orc Abyssal Knight on Feb 11, 2021.
             Was an Elder of Lugonu.
             Slain by a death yak (14 damage)
             ... on level 8 of the Dungeon.
             The game lasted 00:28:58 (15922 turns).

DavidChitty2 the Cleaver (Hill Orc Abyssal Knight) Turns: 15922, Time: 00:28:59

Health: -3/106     AC: 15    Str: 20    XL:     12   Next: 17%
Magic:  8/19       EV:  8    Int: 12    God:    Lugonu [****..]
Gold:   684        SH: 11    Dex: 10    Spells: 11/11 levels left

rFire    + + .     SeeInvis .   a - +3 war axe (vorpal)
rCold    + . .     Faith    .   A - +0 kite shield
rNeg     . . .     Spirit   .   E - +4 scale mail {rF+}
rPois    .         Reflect  .   P - +2 hat {Will+}
rElec    .         Harm     .   q - scarf {rC+ rF+}
rCorr    .         Rampage  .   j - +0 pair of gloves
Will     +....                  (no boots)
Stlth    ..........             (no amulet)
HPRegen  0.27/turn              (no ring)
MPRegen  0.16/turn              (no ring)

@: studying Stealth
A: no striking features
a: Renounce Religion, Depart the Abyss, Bend Space, Banish, Corrupt


You were on level 8 of the Dungeon.
You worshipped Lugonu.
Lugonu was greatly pleased with you.
You visited 1 branch of the dungeon, and saw 11 of its levels.
You visited the Abyss 2 times.
You also visited: Ossuary.

You collected 684 gold pieces.

Inventory:

Hand Weapons
 a - a +3 vorpal war axe (weapon)
   (You took it off Blork the orc on level 4 of the Dungeon)
 b - a +3 morningstar
   (You took it off a wight on level 7 of the Dungeon)
 w - a +2 antimagic hand axe
   (You took it off an orc on level 7 of the Dungeon)
 y - a +0 broad axe
   (You found it on level 5 of the Dungeon)
 G - the +2 mace "Qoocoir" {antimagic, +Fly rPois rF+ MP-9, unknown}
   (You found it on level 7 of the Dungeon)

   It reduces the magical energy of the wielder, and disrupts the spells and
   magical abilities of those hit.
   Natural abilities and divine invocations are not affected.
   It protects you from fire.
   It protects you from poison.
   It affects your magic capacity (-9).
   It lets you fly.
Missiles
 i - 341 stones
 H - 25 poisoned darts (quivered)
Armour
 j - a +0 pair of gloves (worn)
   (You found it on level 5 of the Dungeon)
 m - a +0 plate armour
   (You found it on level 2 of the Dungeon)
 q - a scarf of resistance (worn)
   (You found it on level 2 of the Dungeon)
 s - a +1 helmet
   (You found it on level 2 of the Dungeon)
 A - a +0 kite shield (worn)
   (You found it on level 2 of the Dungeon)
 E - a +4 scale mail of fire resistance (worn)
   (You took it off Duvessa on level 7 of the Dungeon)
 P - a +2 hat of willpower (worn)
   (You took it off Gastronok on level 10 of the Dungeon)
Jewellery
 h - a ring of magical power {unknown}
   (You found it on level 1 of the Dungeon)
 n - a +6 ring of intelligence {unknown}
   (You found it on level 2 of the Dungeon)
 o - a +6 ring of dexterity {unknown}
   (You found it on level 6 of the Dungeon)
 C - a ring of willpower {unknown}
   (You found it on level 7 of the Dungeon)
 I - a ring of flight {unknown}
   (You found it on level 8 of the Dungeon)
Wands
 c - a wand of charming (8)
   (You found it on level 8 of the Dungeon)
 t - a wand of flame (41)
   (You found it on level 5 of the Dungeon)
 v - a wand of digging (4)
   (You found it on level 7 of the Dungeon)
 x - a wand of acid (9)
   (You found it on level 6 of the Dungeon)
 M - a wand of polymorph (6)
   (You found it on level 9 of the Dungeon)
Scrolls
 f - a scroll of vulnerability {unknown}
 l - 2 scrolls of immolation {!r}
 u - 2 scrolls of fear
 F - a scroll of enchant weapon
 K - 2 scrolls of enchant armour
 L - 2 scrolls of magic mapping
 O - 3 scrolls of identify {@r1}
 R - a scroll of acquirement {unknown}
Potions
 d - 3 potions of brilliance
 e - a potion of degeneration {!q}
 g - a potion of curing {@q1}
 k - a potion of cancellation
 p - 6 potions of haste {@q3}
 r - a potion of berserk rage
 z - 5 potions of attraction {!q}
 B - 4 potions of flight
 D - 2 potions of ambrosia
 J - a potion of resistance {unknown}
 N - 2 potions of might
 Q - a potion of heal wounds {@q2}


   Skills:
 + Level 10.2 Fighting
 * Level 14.3 Axes
 + Level 9.1 Armour
 - Level 0.7 Dodging
 + Level 8.6 Shields
 + Level 10.5 Invocations


You had 11 spell levels left.
You didn't know any spells.
Your spell library contained the following spells:

 Spells                   Type           Power        Failure   Level
 Animate Skeleton         Necr           0%           88%         1
 Beastly Appendage        Tmut           0%           88%         1
 Summon Small Mammal      Summ           0%           88%         1
 Call Imp                 Summ           0%           95%         2
 Wereblood                Tmut           0%           95%         2
 Call Canine Familiar     Summ           0%           99%         3
 Spider Form              Tmut/Pois      0%           99%         3
 Summon Guardian Golem    Hex/Summ       0%           99%         3
 Ice Form                 Ice/Tmut       0%           100%        4
 Summon Ice Beast         Ice/Summ       0%           100%        4
 Summon Lightning Spire   Summ/Air       0%           100%        4
 Blade Hands              Tmut           0%           100%        5


Dungeon Overview and Level Annotations

Branches:
Dungeon (11/15)            Temple (0/1) D:5            Lair (0/6) D:8
    Orc (0/2) D:10        Ossuary (visited)

Altars:
Ashenzari
Dithmenos
Fedhas
Gozag
Hepliaklqana
Kikubaaqudgha
Makhleb
Nemelex Xobeh
Okawaru
Qazlal
Sif Muna
Trog
Uskayaw
Vehumet
Yredelemnul
Zin

Shops:
D:4 ?   D:9 (

Annotations:
D:8 exclusions: 2 death yaks and 1 more exclusion


Message History

The death yak gores you.
You hear a bellow!
You hit the death yak but do no damage. The death yak gores you.
You slash the death yak! You block the death yak's attack.
You slash the death yak! The death yak gores you.
You barely miss the death yak.
The death yak gores you but does no damage.
You hit the death yak but do no damage. You block the death yak's attack.
You barely miss the death yak. The death yak gores you!
You hear a bellow!
You hit the death yak. You block the death yak's attack.
You hit the death yak.
You kill the death yak!
Lugonu accepts your kill.
Your life force feels restored.
You barely miss the death yak.
Aim: a death yak (10% to evade)
The bolt of acid hits the death yak.
The death yak is splashed with acid.
The bolt of acid hits the death yak.
The death yak is splashed with acid.
The death yak snorts and paws the ground.
You block the death yak's attack.
Aim: a death yak (lightly wounded, 10% to evade)
The bolt of acid hits the death yak.
The death yak is splashed with acid.
The acid corrodes the death yak!
The bolt of acid hits the death yak!
The death yak is splashed with acid.
The acid corrodes the death yak!
The death yak closely misses you.
You hit the death yak. The death yak gores you!
You slash the death yak! You block the death yak's attack.
You barely miss the death yak. The death yak gores you!!
* * * LOW HITPOINT WARNING * * *
Aim: a death yak (moderately wounded, covered in acid, 10% to evade)
The bolt of acid hits the death yak!
The death yak is splashed with acid.
The death yak seems to be corroded for longer.
The bolt of acid hits the death yak!
The death yak is splashed with acid.
The death yak gores you!!
* * * LOW HITPOINT WARNING * * *
To return, you must find a gate leading back.
Killing monsters will force the Abyss to allow you passage.
This branch contains the abyssal rune of Zot.
You start resting.
A wraith is nearby!
You pass through the gate.
Welcome back to the Dungeon!
Level annotation: exclusions: 2 death yaks and 1 more exclusion You can no longer gate yourself to the Abyss.
The death yak barely misses you.
Aim: a death yak (heavily wounded, chance to affect: 24%)
The death yak resists with almost no effort.
The death yak gores you!
You die...

.#....###..#.8#8..# #..# .....##
##...#$#.## ##.# ...###
##..8#8..# #.## # ..##
##.......## ##..### .##
#..####Y..## ###...... ..# #..##
##...#####...##... #.# ##...#
##...##.....###..
#.#######..#.######.........# #..
...##8_8#..##.##@###...#....# ##.
..#.#...#..#..##Y##....##.<.# ##
..###...#.#.#####Y.....##...# #
....##.##....#.#.......###..## #
........................##...# #
.........###.......###..#....## #
.........###.#....## ##..#....###
..........#..##...## #..#.....#.
............###....####..........


You could see 2 death yaks.

Vanquished Creatures
  Gastronok (D:10)
  A death yak (D:8)
  A two-headed ogre (D:10)
  Nergalle (D:11)
  Pikel (D:6)
  2 ugly things (D:11)
  A centaur skeleton (D:10)
  A hornet (D:11)
  Grinder (D:5)
  Prince Ribbit (D:9)
  A wraith (D:11)
  8 yaks (D:11)
  A soldier ant (D:10)
  Duvessa (D:7)
  An eye of draining (D:9)
  3 ice beasts
  3 sky beasts
  5 orc warriors
  A black bear (D:7)
  2 necrophages
  7 ogres
  5 centaurs
  6 phantoms
  4 elf zombies (Ossuary)
  A kobold brigand (D:11)
  Blork the orc (D:4)
  6 bullfrogs
  A gnoll sergeant (D:9)
  Dowan (D:7)
  2 wyvern skeletons
  3 scorpions
  7 wights
  16 killer bees
  2 troll zombies (D:10)
  A crimson imp (D:3)
  3 centaur zombies (Ossuary)
  2 jellies (D:11)
  A bullfrog skeleton (D:9)
  6 hounds
  5 human zombies (Ossuary)
  4 orc priests
  3 iguanas
  6 worker ants
  Ijyb (D:5)
  15 orc wizards
  6 ogre zombies (D:10)
  A hound skeleton (D:10)
  4 mummies
  A worker ant zombie (D:8)
  3 gnolls (D:9)
  4 river rats (D:8)
  17 adders
  A shadow imp (D:8)
  A white imp (D:7)
  2 ufetubi
  2 oozes
  8 worms
  2 dart slugs
  5 leopard geckos
  38 orcs
  5 giant cockroaches
  8 goblins
  5 hobgoblins
  13 jackals
  15 kobolds
  4 quokkas
  A ball python (D:2)
  7 bats
  5 frilled lizards
  A goblin skeleton (D:10)
  4 goblin zombies (D:10)
  2 hobgoblin zombies (D:10)
  A jackal zombie (D:5)
  A leopard gecko zombie (D:6)
  2 orc skeletons (D:10)
  15 orc zombies (D:10)
  9 rats
  A spectral orc (D:2)
340 creatures vanquished.

Vanquished Creatures (others)
  2 plants (D:3)
2 creatures vanquished.

Grand Total: 342 creatures vanquished

Notes
Turn   | Place    | Note
-------+----------+-------------------------------------------
     0 | Abyss:1  | DavidChitty2 the Hill Orc Abyssal Knight began the quest
                  | for the Orb.
     0 | Abyss:1  | Reached XP level 1. HP: 19/19 MP: 2/2
    17 | Abyss:1  | Noticed a deep elf elementalist
    30 | Abyss:1  | Noticed an earth elemental
    37 | Abyss:1  | Noticed an earth elemental
    42 | Abyss:1  | Noticed an earth elemental
    52 | Abyss:1  | Noticed an earth elemental
    59 | D:1      | Escaped the Abyss
   168 | D:1      | Reached skill level 3 in Axes
   201 | D:1      | Reached XP level 2. HP: 26/27 MP: 3/3
   328 | D:1      | Reached * piety under Lugonu
   781 | D:2      | Reached XP level 3. HP: 28/33 MP: 5/5
  1271 | D:2      | Reached skill level 4 in Axes
  1271 | D:2      | Reached XP level 4. HP: 29/40 MP: 6/6
  2027 | D:2      | Found a basalt altar of Yredelemnul.
  2312 | D:3      | Found a hide-covered altar of Uskayaw.
  2356 | D:3      | Reached ** piety under Lugonu
  2618 | D:3      | Reached skill level 1 in Shields
  2920 | D:3      | Found a broken altar of Ashenzari.
  2988 | D:3      | Reached XP level 5. HP: 43/47 MP: 7/7
  3215 | D:3      | Found a burning altar of Makhleb.
  3290 | D:3      | Found an iron altar of Okawaru.
  3409 | D:3      | Found a blossoming altar of Fedhas.
  3515 | D:4      | Reached skill level 5 in Axes
  3637 | D:4      | Noticed Blork the orc
  3653 | D:4      | Killed Blork the orc
  3654 | D:4      | Reached XP level 6. HP: 19/53 MP: 8/8
  4662 | D:4      | Found Xokko's Magic Scroll Shoppe.
  4787 | D:4      | Reached skill level 5 in Fighting
  4787 | D:4      | Reached skill level 6 in Axes
  5052 | D:5      | Entered Level 5 of the Dungeon
  5144 | D:5      | Reached XP level 7. HP: 40/61 MP: 10/10
  5733 | D:5      | Reached *** piety under Lugonu
  5817 | D:5      | Found a staircase to the Ecumenical Temple.
  5955 | D:5      | Found an ancient bone altar of Kikubaaqudgha.
  5973 | D:5      | Noticed Ijyb
  5986 | D:5      | Killed Ijyb
  6037 | D:5      | Found a shimmering blue altar of Sif Muna.
  6039 | D:5      | Found a radiant altar of Vehumet.
  6041 | D:5      | Identified Kikubaaqudgha's Volume of Evil
  6083 | D:5      | Noticed Grinder
  6084 | D:5      | Paralysed by Grinder for 5 turns
  6097 | D:5      | Paralysed by Grinder for 6 turns
  6104 | D:5      | Killed Grinder
  6105 | D:5      | Reached skill level 7 in Axes
  6105 | D:5      | Reached skill level 5 in Invocations
  6105 | D:5      | Reached XP level 8. HP: 26/70 MP: 11/11
  6497 | D:5      | Noticed a moth of wrath
  6500 | D:5      | Found a bloodstained altar of Trog.
  7151 | D:6      | Noticed Pikel
  7186 | D:6      | Killed Pikel
  7187 | D:6      | Reached skill level 8 in Axes
  7187 | D:6      | Reached skill level 5 in Armour
  7250 | D:6      | Reached XP level 9. HP: 74/78 MP: 13/13
  7365 | D:6      | Reached skill level 9 in Axes
  7883 | D:7      | Reached skill level 5 in Shields
  8138 | D:7      | Noticed Dowan
  8139 | D:7      | Noticed Duvessa
  8142 | D:7      | Killed Duvessa
  8150 | D:7      | Killed Dowan
  8379 | D:7      | Got a transparent mace
  8406 | D:7      | Reached skill level 10 in Axes
  8406 | D:7      | Reached **** piety under Lugonu
  8841 | D:8      | Found a staircase to the Lair.
  8842 | D:8      | Noticed a death yak
  8844 | D:8      | Noticed a death yak
  8846 | D:8      | Noticed a death yak
  9091 | D:8      | Found a stormy altar of Qazlal.
  9157 | D:8      | Found a sand-covered staircase.
  9166 | Ossuary  | Entered an ossuary
  9411 | Ossuary  | Reached XP level 10. HP: 72/88 MP: 15/15
  9590 | Ossuary  | Reached skill level 11 in Axes
  9925 | D:8      | Found a sparkling altar of Nemelex Xobeh.
  9926 | D:8      | Found a glowing silver altar of Zin.
  9985 | D:8      | Found an opulent altar of Gozag.
 10650 | D:9      | Found Vinuaduv's Antique Weapon Emporium.
 11464 | D:9      | Found a hazy altar of Hepliaklqana.
 11466 | D:9      | Found a shadowy altar of Dithmenos.
 11537 | D:9      | Reached ***** piety under Lugonu
 11827 | D:9      | Noticed Prince Ribbit
 11844 | D:9      | Killed Prince Ribbit
 12253 | D:9      | Found a stormy altar of Qazlal.
 12273 | D:9      | Reached skill level 12 in Axes
 12498 | D:10     | Entered Level 10 of the Dungeon
 12667 | D:10     | Noticed a two-headed ogre
 12676 | D:10     | Killed a two-headed ogre
 12677 | D:10     | Reached XP level 11. HP: 78/97 MP: 17/17
 12765 | D:10     | Found a staircase to the Orcish Mines.
 12771 | D:10     | Noticed Gastronok
 12811 | D:10     | Killed Gastronok
 12812 | D:10     | Reached skill level 13 in Axes
 13358 | D:10     | Noticed a sea snake
 14128 | D:11     | Noticed a four-headed hydra
 14141 | D:11     | Noticed a green ugly thing
 14149 | D:11     | Banished a four-headed hydra
 14166 | D:11     | Killed a green ugly thing
 14170 | D:11     | Reached skill level 10 in Invocations
 14720 | D:11     | Noticed a cyan ugly thing
 14730 | D:11     | Killed a cyan ugly thing
 14731 | D:11     | Reached skill level 10 in Fighting
 15000 | D:11     | Reached skill level 14 in Axes
 15008 | D:11     | Reached XP level 12. HP: 104/106 MP: 19/19
 15474 | D:11     | Noticed Nergalle
 15497 | D:11     | Killed Nergalle
 15891 | D:8      | Killed a death yak
 15921 | D:8      | Escaped the Abyss
 15922 | D:8      | Slain by a death yak

Illustrated notes

Levels and vault maps discovered:
D:1:      lightli_arrival_boilingwater, layout_rooms
D:2:      layout_rooms, yredelemnul_forgotten_temple_becter,
          mrwooster_statue_mirror, nrook_uturn
D:3:      corexii_shack_village, layout_rooms, ashenzari_conservatory_becter,
          overflow_temple_1_default, fedhas_altar_fruit_tree,
          makhleb_grotto_becter, kennysheep_okawaru_gauntlet
D:4:      layout_loops_cross, serial_shops, shop, kennysheep_small_square,
          uniq_blork_the_orc
D:5:      layout_loops_ring, grunt_temple_overflow_magic_moments, tgw_trog,
          minmay_temple_entry_ruins, uniq_ijyb, uniq_grinder
D:6:      layout_loops_ring, nicolae_overflow_hidden_temple, grunt_ministairs_8,
          hangedman_decor_lopped, minmay_misc_feat_plants, uniq_pikel
D:7:      layout_rooms, minmay_manual_mares, uniq_duvessa
D:8:      layout_layer_cave, grunt_gozag_breadcrumbs,
          gammafunk_temple_overflow_statue, dpeg_lair_monsters, basic_altar,
          gup_ossuary_entry_pyramid, minmay_statues_item, dk_vineyard_3
D:9:      layout_irregular_city, riverfiend_overflow_shadow_ancestor,
          nicolae_qazlal_style_of_elements, serial_shops, nicolae_shop_stone,
          uniq_prince_ribbit1
D:10:     layout_rooms, zombieorc2_lemuel, serial_aquarium,
          aquarium_bridge_square [aquarium_subvault_wall,
          aquarium_subvault_bridge, aquarium_subvault_wall,
          aquarium_subvault_wall], aquarium_bridge_long_joined
          [aquarium_subvault_wall, aquarium_subvault_wall,
          aquarium_subvault_wall, aquarium_subvault_window,
          aquarium_subvault_bridge, aquarium_subvault_wall], aquarium_window_1,
          aquarium_window_corner, aquarium_window_1, aquarium_window_3,
          aquarium_view_2d, aquarium_view_2e, aquarium_balcony_1b,
          uniq_gastronok
D:11:     layout_basic, uniq_nergalle

Skill      XL: |  1  2  3  4  5  6  7  8  9 10 11 12 |
---------------+-------------------------------------+-----
Axes           | 3 4 5 6 7 8 10 12 14 | 14.3
Invocations    | 3 4 5 6 7 9 10 | 10.5
Fighting       | 4 5 6 7 9 10 | 10.2
Armour         | 3 4 5 6 7 8 9 |  9.1
Shields        | 1 2 3 4 5 7 8 |  8.6
Dodging        | |  0.7

Action                   |  1- 3 |  4- 6 |  7- 9 | 10-12 || total
-------------------------+-------+-------+-------+-------++-------
Melee: Hand axe          |   114 |    83 |       |       ||   197
       War axe           |       |   116 |   282 |   514 ||   912
       Morningstar       |       |       |       |     4 ||     4
Invok: Depart the Abyss  |     1 |       |       |     1 ||     2
       Banish            |       |       |       |     3 ||     3
       Enter the Abyss   |       |       |       |     1 ||     1
Evoke: Wand              |       |       |       |     4 ||     4
  Use: Scroll            |       |    15 |     5 |     6 ||    26
       Potion            |       |     1 |     1 |     6 ||     8
Armor: Leather armour    |    17 |       |       |       ||    17
       Ring mail         |    38 |    50 |       |       ||    88
       Scale mail        |       |    37 |   100 |   207 ||   344
       Plate armour      |       |       |    49 |       ||    49
Dodge: Dodged            |    58 |    62 |    87 |   136 ||   343
Block: Kite shield       |    10 |    85 |   152 |   252 ||   499

Table legend: (Time is in decaauts)
 A = Elapsed time spent in this place.
 B = Non-inter-level travel time spent in this place.
 C = Inter-level travel time spent in this place.
 D = Time resting spent in this place.
 E = Time spent auto-exploring this place.
 F = Levels seen in this place.
 G = Mean time per level.
                   A        B        C        D        E       F      G
               +--------+--------+--------+--------+--------+-----+--------+
         Total |  16141 |  15617 |    524 |   5979 |   6924 |  14 | 1152.9 |
       Dungeon |  15355 |  14831 |    524 |   5460 |   6792 |  11 | 1395.9 |
         Abyss |     81 |     81 |      0 |     21 |     16 |   2 |   40.5 |
       Ossuary |    704 |    704 |      0 |    498 |    116 |   1 |  704.0 |
               +--------+--------+--------+--------+--------+-----+--------+

Top non-repeatable levels by time:
    D:11: 1954 daAuts
     D:9: 1875 daAuts
     D:4: 1786 daAuts
     D:5: 1714 daAuts
     D:2: 1487 daAuts
     D:8: 1474 daAuts
    D:10: 1395 daAuts
     D:3: 1313 daAuts
     D:7: 821 daAuts
     D:6: 804 daAuts
     D:1: 727 daAuts
 Ossuary: 704 daAuts
 Abyss:1: 81 daAuts
